 Dungeon Crawl Stone Soup version 0.30-a0-782-ge64f9170bb (webtiles) character file.

Game seed: 14632175738347766723

2493 sanka the Grappler (level 9, -2/96 HPs)
             Began as a Troll Monk on Mar 16, 2023.
             Was a Follower of Okawaru.
             Shot with an arrow by a centaur (10 damage)
             ... on level 7 of the Dungeon.
             The game lasted 00:06:59 (4782 turns).

sanka the Grappler (Troll Monk)                     Turns: 4782, Time: 00:07:00

Health: -2/96      AC:  7    Str: 27    XL:     9   Next: 27%
Magic:  0/8        EV: 15    Int:  6    God:    Okawaru [*.....]
Gold:   429        SH:  0    Dex: 16    Spells: 8/8 levels left

rFire   . . .      SeeInvis .      - Unarmed
rCold   . . .      Faith    .    (no shield)
rNeg    . . .      Spirit   +    p - +2 animal skin
rPois   .          Reflect  .    (helmet restricted)
rElec   .          Harm     .    z - +0 cloak
rCorr   .          Rampage  .    (gloves unavailable)
Will    .....                    (boots unavailable)
Stlth   ++                       j - amulet of guardian spirit
HPRegen 1.16/turn                g - +6 ring of strength
MPRegen 0.11/turn                F - +5 ring of evasion

@: no status effects
A: large, unfitting armour, claws 3, regeneration 1, shaggy fur 1, tough skin 1
a: Renounce Religion, Heroism


You were on level 7 of the Dungeon.
You worshipped Okawaru.
Okawaru was aware of your devotion.
You visited 1 branch of the dungeon, and saw 7 of its levels.
You also visited: Sewer.

You collected 429 gold pieces.


Innate Abilities, Weirdness & Mutations

You are too large for most types of armour.
You have claws for hands.
Your natural rate of healing is unusually fast.
You are covered in fur. (AC +1)
You have tough skin. (AC +1)


   Skills:
 - Level 8.0 Fighting
 - Level 2.4 Dodging
 - Level 1.0 Stealth
 - Level 9.3 Unarmed Combat
 + Level 0.0 Invocations


You had 8 spell levels left.
You didn't know any spells.
Your spell library contained the following spells:

 Spells                   Type           Power      Damage    Failure   Level
 Foxfire                  Conj/Fire      0%         2x1d4     45%         1
 Fireball                 Conj/Fire      0%         3d3       100%        5
 Starburst                Conj/Fire      0%         6d3       100%        6

Inventory:

Missiles
 x - 2 throwing nets {=f}
Armour
 p - a +2 animal skin (worn)
 z - a +0 cloak (worn)
Magical Staves
 D - a staff of earth
Jewellery
 g - a +6 ring of strength (left claw)
 j - an amulet of guardian spirit (around neck)
 F - a +5 ring of evasion (right claw)
Wands
 s - a wand of roots (8)
 y - a wand of paralysis (10)
Scrolls
 a - a scroll of blinking {unknown}
 d - 3 scrolls of identify {unknown}
 f - 3 scrolls of magic mapping {unknown}
 h - a scroll of immolation {unknown}
 k - a scroll of torment {unknown}
 m - 4 scrolls of teleportation {unknown}
 t - 3 scrolls of vulnerability {unknown}
 u - 2 scrolls of poison {unknown}
 v - 3 scrolls of enchant armour {unknown}
 A - 3 scrolls of amnesia {unknown}
 B - a scroll of noise {unknown}
 E - a scroll of acquirement {unknown}
Potions
 b - a potion of ambrosia
 c - a potion of degeneration {unknown}
 e - 2 potions of lignification {unknown}
 i - 2 potions of mutation {unknown}
 l - 2 potions of berserk rage {unknown}
 n - 3 potions of haste {@q3}
 o - 5 potions of heal wounds {unknown}
 q - 3 potions of magic {unknown}
 r - 3 potions of might {unknown}
 w - 3 potions of curing {unknown}
 G - a potion of brilliance {unknown}
Miscellaneous
 C - a tin of tremorstones (2/2)

Dungeon Overview and Level Annotations

Branches:
Dungeon (7/15)              Sewer (visited)
 Temple: D:4-7

Altars:
Dithmenos
Elyvilon
Kikubaaqudgha
Makhleb
Nemelex Xobeh
Okawaru
Ru
Sif Muna
Trog
Vehumet
Yredelemnul
Zin

..▒▒▒▒▒.≈≈≈≈≈≈≈≈≈c.▒
........≈≈≈≈≈≈≈≈≈c.▒ .≈≈
.▒.▒▒▒▒..≈≈≈≈≈≈≈≈≈c▒ ..≈≈≈
.▒...▒▒▒...≈≈≈≈≈≈≈c▒ ▒▒.≈≈≈
▒▒8..8▒▒▒▒..≈≈≈≈≈≈c▒▒▒▒c≈≈≈≈
▒_...._▒ ▒▒...≈≈≈≈≈c.≈≈≈≈≈≈▒
▒▒▒..▒▒▒ ▒▒▒..≈≈≈≈≈≈≈≈≈≈≈▒
▒...._▒ ▒▒..▒≈≈≈≈≈≈.▒
▒▒▒..▒▒▒ ▒▒.T.....▒.▒
▒_...._▒ ▒▒▒▒▒▒▒...▒
▒▒▒..▒▒▒ ▒▒▒▒▒ ▒....._▒
▒▒▒..▒▒▒ ▒_.[.._▒ ▒▒♣___▒▒
▒▒▒▒▒▒▒ .▒


You could see 6 centaurs.


Message History

The arrow closely misses you.
The centaur shoots an arrow.
The arrow misses you.
The centaur shoots an arrow.
The arrow completely misses you.
The centaur shoots an arrow.
The arrow misses you.
The centaur shoots an arrow.
The arrow hits you.
* * * LOW HITPOINT WARNING * * *
The centaur shoots an arrow.
The arrow hits you.
* * * LOW HITPOINT WARNING * * *
The centaur shoots an arrow.
The arrow hits you.
* * * LOW HITPOINT WARNING * * *
The centaur shoots an arrow.
The arrow completely misses you.
The centaur shoots an arrow.
The arrow hits you.
* * * LOW HITPOINT WARNING * * *
The centaur shoots an arrow.
The arrow hits you!
* * * LOW HITPOINT WARNING * * *
The centaur wields a +0 shortbow.
The centaur shoots an arrow.
The arrow barely misses you.
The centaur shoots an arrow.
The arrow hits you!
You die...

Action                     |  1- 3 |  4- 6 |  7- 9 || total
---------------------------+-------+-------+-------++-------
  Melee: Unarmed           |    46 |   134 |   228 ||   408
         Punch             |       |     7 |     9 ||    16
   Stab: Sleeping          |       |     4 |     3 ||     7
 Armour: Robe              |    11 |     7 |       ||    18
         Animal skin       |       |    34 |    78 ||   112
  Dodge: Dodged            |    25 |    70 |   121 ||   216

Levels and vault maps discovered:
D:1:      minmay_arrival_five_plusses, layout_loops_corners,
          dreamdust_ecumenical_altar_angels_and_demons
D:2:      layout_loops_ring, hangedman_decor_points, uniq_robin, uniq_jessica,
          uniq_terence
D:3:      layout_basic
D:4:      layout_gridville, uniq_sigmund
D:5:      layout_basic
D:6:      layout_basic, nicolae_yredelemnul_corpse_copse, portal_sewer_entry_c
D:7:      layout_loops_cross, nicolae_wu_jian_immortal_techniques, minitemple,
          temple_doors_e, centaur_isle

Notes
Turn   | Place    | Note
-------+----------+-------------------------------------------
     0 | D:1      | sanka the Troll Monk began the quest for the Orb.
     0 | D:1      | Reached XP level 1. HP: 22/22 MP: 0/0
   182 | D:1      | Found a faded altar of an unknown god.
   222 | D:1      | Reached skill level 3 in Fighting
   222 | D:1      | Reached XP level 2. HP: 29/31 MP: 1/1
   818 | D:2      | Reached XP level 3. HP: 21/37 MP: 2/2
   824 | D:2      | Reached XP level 4. HP: 16/45 MP: 3/3
   867 | D:2      | Noticed Robin
   892 | D:2      | Reached skill level 4 in Unarmed Combat
   894 | D:2      | Killed Robin
  1498 | D:2      | Noticed Jessica
  1505 | D:2      | Killed Jessica
  1506 | D:2      | Reached skill level 4 in Fighting
  1506 | D:2      | Reached XP level 5. HP: 54/54 MP: 4/4
  1529 | D:2      | Noticed Terence
  1534 | D:2      | Killed Terence
  2016 | D:4      | Reached skill level 5 in Unarmed Combat
  2016 | D:4      | Reached XP level 6. HP: 27/63 MP: 2/5
  2296 | D:4      | Reached skill level 5 in Fighting
  2316 | D:4      | Noticed Sigmund
  2327 | D:4      | Killed Sigmund
  2328 | D:4      | Reached skill level 6 in Unarmed Combat
  2328 | D:4      | Reached XP level 7. HP: 66/72 MP: 4/6
  3122 | D:5      | Entered Level 5 of the Dungeon
  3141 | D:5      | Reached skill level 6 in Fighting
  3143 | D:5      | Reached skill level 7 in Unarmed Combat
  3220 | D:5      | Reached XP level 8. HP: 83/83 MP: 7/7
  3977 | D:6      | Reached skill level 8 in Unarmed Combat
  3981 | D:6      | Reached skill level 7 in Fighting
  4035 | D:6      | Found a glowing drain.
  4062 | Sewer    | Entered a sewer
  4286 | D:6      | Reached XP level 9. HP: 93/93 MP: 8/8
  4332 | D:6      | Reached skill level 9 in Unarmed Combat
  4349 | D:6      | Found a basalt altar of Yredelemnul.
  4708 | D:7      | Reached skill level 8 in Fighting
  4718 | D:7      | Found an ancient bone altar of Kikubaaqudgha.
  4723 | D:7      | Found a shimmering blue altar of Sif Muna.
  4729 | D:7      | Found a radiant altar of Vehumet.
  4730 | D:7      | Found a glowing silver altar of Zin.
  4730 | D:7      | Found a sacrificial altar of Ru.
  4730 | D:7      | Found a white marble altar of Elyvilon.
  4730 | D:7      | Found a sparkling altar of Nemelex Xobeh.
  4731 | D:7      | Found a burning altar of Makhleb.
  4732 | D:7      | Found a shadowy altar of Dithmenos.
  4734 | D:7      | Found a bloodstained altar of Trog.
  4735 | D:7      | Found an iron altar of Okawaru.
  4736 | D:7      | Identified the +3 robe of the Telling Gods {Harm rPois
                  | Int-2 Stlth+}
  4739 | D:7      | Became a worshipper of Warmaster Okawaru
  4739 | D:7      | Reached * piety under Okawaru
  4739 | D:7      | Reached ** piety under Okawaru
  4782 | D:7      | HP: 8/96 [centaur/arrow (9)]
  4782 | D:7      | Shot with an arrow by a centaur

Vanquished Creatures
  Sigmund (D:4)
  2 water moccasins
  3 black bears
  A sky beast (D:6)
  2 ogres
  A phantom (D:5)
  3 bullfrogs (D:6)
  A scorpion (D:5)
  A gnoll sergeant (D:5)
  A water moccasin zombie (D:6)
  4 howler monkeys
  2 bullfrog zombies (D:6)
  A centaur zombie (D:6)
  2 hounds (D:5)
  2 jellies
  2 gnoll boudas
  5 orc priests
  Jessica (D:2)
  2 orc wizards
  Terence (D:2)
  3 iguanas
  3 killer bee zombies (D:6)
  Robin (D:2)
  12 gnolls
  5 adders
  A river rat (D:6)
  A shadow imp (D:6)
  2 white imps
  4 dart slugs
  24 orcs
  11 ball pythons
  5 bats
  5 endoplasms
  2 giant cockroaches
  9 goblins
  6 hobgoblins
  4 jackals (D:2)
  5 quokkas
  3 frilled lizards
  10 kobolds
  2 rats (D:6)
156 creatures vanquished.
